[Event "*** Titled Tuesday Blitz"]
[Site "Chess.com"]
[Date "2018.01.02"]
[Round "5"]
[White "Aariow"]
[Black "Robin-Side"]
[Result "0-1"]
[WhiteElo "2373"]
[BlackElo "2566"]
[TimeControl "180+2"]
[EndTime "14:01:36 PST"]
[Termination "Robin-Side won by resignation"]

1. d4 g6 2. c4 Bg7 3. e4 e6 4.
Ne2 Ne7 5. Be3 d5 6. e5 O-O 7. g4 dxc4 8. Ng3 c5 9. f4 cxd4 10. Qxd4 Qxd4 11. Bxd4 Nbc6 12. Bc3 Nd5 13. Bd2 Nd4 14.
Na3 Nf3+ 15. Ke2 Nxd2 16. Kxd2 Nxf4 17. Nxc4 b5 0-1

[Event "*** Titled Tuesday Blitz"]
[Site "Chess.com"]
[Date "2018.01.02"]
[Round "5"]
[White "Rhinos1"]
[Black "aquiles88"]
[Result "1-0"]
[WhiteElo "2012"]
[BlackElo "2052"]
[TimeControl "180+2"]
[EndTime "14:03:05 PST"]
[Termination "Rhinos1 won by resignation"]

1. e4 g6 2. d4 Bg7 3. Nf3 d6 4.
Nc3 Nd7 5. Bd3 e6 6. O-O a6 7.
Qe2 b5 8. Bf4 Bb7 9. Nd1 Ne7 10.
Ne3 Nf6 11. h3 Nxe4 12. Bxe4 Bxe4 13. Ng5 Bb7 14. Ng4 Bxd4 15. Nh6 Qd7 16. Nhxf7 O-O 17.
Nh6+ Kh8 18. Nxe6 Bxb2 19. Rab1 d5 20. Be5+ 1-0

[Event "*** Titled Tuesday Blitz"]
[Site "Chess.com"]
[Date "2018.01.02"]
[Round "5"]
[White "1e41-0"]
[Black "Markov_Mikhail"]
[Result "1-0"]
[WhiteElo "2373"]
[BlackElo "2532"]
[TimeControl "180+2"]
[EndTime "14:03:26 PST"]
[Termination "1e41-0 won by resignation"]

1. e4 c5 2. Nf3 d6 3. d4 cxd4 4.
Nxd4 Nf6 5. Nc3 a6 6. h3 b5 7.
g4 Bb7 8. Bg2 b4 9. Nd5 e6 10.
O-O exd5 11. exd5 Be7 12. Nc6 Bxc6 13. dxc6 Ra7 14. Be3 Rc7 15. g5 Kf8 16. gxf6 Bxf6 17. Bb6 Bxb2 18. Rb1 Bc3 19. Qd5 Qe7 20. Bxc7 Qxc7 21.
Rbd1 Be5 22. f4 Bf6 23. Rfe1 Be7 24. Re2 g6 25. Rde1 Bf6 26. Re8+ Kg7 27. Rxh8 Kxh8 28.
Re8+ Kg7 29. Kh1 a5 30. Qb5 Bd8 31. Bd5 h6 32. Qb7 Kf6 33. Rxd8 1-0

[Event "*** Titled Tuesday Blitz"]
[Site "Chess.com"]
[Date "2018.01.02"]
[Round "5"]
[White "comedy_of_errors"]
[Black "GMAkobianSTL"]
[Result "1-0"]
[WhiteElo "2593"]
[BlackElo "2649"]
[TimeControl "180+2"]
[EndTime "14:03:31 PST"]
[Termination "comedy_of_errors won by resignation"]

1. Nf3 d5 2. g3 Nf6 3. Bg2 c6 4.
O-O Bg4 5. h3 Bh5 6. d4 Nbd7 7.
c4 e6 8. Nc3 Bb4 9. Qb3 Qa5 10.
Bd2 O-O 11. a3 Bxc3 12. Bxc3 Qa6 13. cxd5 exd5 14. Rfe1 Ne4 15. e3 Qb6 16. Qxb6 axb6 17. Bb4 Rfe8 18. Rac1 f6 19. Nd2 Nxd2 20. Bxd2 Bg6 21.
g4 b5 22. Bb4 Nb6 23. b3 h5 24.
Bf3 hxg4 25. hxg4 Kf7 26. Kg2 Be4 27. Rh1 Rh8 28. Kg3 g5 29. Bg2 Bxg2 30. Kxg2 Nc8 31. Rxh8 1-0

[Event "*** Titled Tuesday Blitz"]
[Site "Chess.com"]
[Date "2018.01.02"]
[Round "5"]
[White "FairChess_on_YouTube"]
[Black "kikydu96"]
[Result "1-0"]
[WhiteElo "2752"]
[BlackElo "2435"]
[TimeControl "180+2"]
[EndTime "14:03:39 PST"]
[Termination "FairChess_on_YouTube won by resignation"]

1. e4 e5 2. Nf3 Nc6 3. Bb5 Nf6 4. O-O Nxe4 5. d4 Nd6 6. dxe5 Nf5 7. Nc3 Be7 8. Nd5 O-O 9. Bf4 a6 10. Bd3 d6 11. Re1 dxe5 12. Nxe7+ Nfxe7 13. Nxe5 Nxe5 14. Rxe5 Ng6 15. Qh5 Qf6 16. Bg3 Be6 17. Rae1 c6 18. b3 Rfe8 19. R5e3 Bd7 20. Be5 Qh4 21. Bxg6 1-0

[Event "*** Titled Tuesday Blitz"]
[Site "Chess.com"]
[Date "2018.01.02"]
[Round "5"]
[White "littleozy"]
[Black "Jospem"]
[Result "0-1"]
[WhiteElo "2384"]
[BlackElo "2617"]
[TimeControl "180+2"]
[EndTime "14:03:48 PST"]
[Termination "Jospem won by resignation"]

1. d4 Nf6 2. c4 c5 3. dxc5 e6 4. a3 a5 5. Nf3 Bxc5 6. g3 Qb6 7. e3 d5 8. cxd5 exd5 9. Bg2 O-O 10. O-O Be6 11.
Nc3 Qd8 12. Nd4 Nc6 13. Ndb5 Re8 14. Ne2 Bg4 15. h3 Bxe2 16. Qxe2 d4 17. Qc2 Qb6 18.
exd4 Nxd4 19. Nxd4 Bxd4 20. Rb1 Rac8 21. Qf5 g6 22. Qf4 Nh5 23. Qh4 Rc2 24. g4 Ree2 0-1

[Event "*** Titled Tuesday Blitz"]
[Site "Chess.com"]
[Date "2018.01.02"]
[Round "5"]
[White "Spartakus1975"]
[Black "Blitzstream"]
[Result "0-1"]
[WhiteElo "2570"]
[BlackElo "2505"]
[TimeControl "180+2"]
[EndTime "14:04:03 PST"]
[Termination "Blitzstream won by resignation"]

1. e4 e5 2. Nf3 Nf6 3. Nxe5 d5 4. exd5 Qxd5 5. d4 Nc6 6. Nxc6 Qxc6 7. c3 Bg4 8. f3 Be6 9. Bd3 O-O-O 10. O-O h5 11. Nd2 h4 12. Ne4 h3 13. g3 Be7 14.
Nxf6 Bxf6 15. Be4 Qb6 16. Be3 Qxb2 17. Rf2 Qxc3 18. Rc1 Qxe3 19. d5 Bxd5 20. Qc2 c6 0-1

[Event "*** Titled Tuesday Blitz"]
[Site "Chess.com"]
[Date "2018.01.02"]
[Round "5"]
[White "Frolik67"]
[Black "tomsishere"]
[Result "1/2-1/2"]
[WhiteElo "2433"]
[BlackElo "2277"]
[TimeControl "180+2"]
[EndTime "14:04:23 PST"]
[Termination "Game drawn by repetition"]

1. e4 c5 2. Nf3 e6 3. d3 Nc6 4. g3 Nf6 5. Bg2 Be7 6. O-O O-O 7. c3 d6 8. Qe2 Bd7 9. d4 cxd4 10. cxd4 d5 11.
e5 Ne4 12. Nbd2 Nxd2 13. Bxd2 Qb6 14. Bc3 Na5 15. h4 Rac8 16. Ng5 h6 17. Nf3 Bb4 18.
g4 Bxc3 19. bxc3 Bb5 20. Qc2 Bxf1 21. Bxf1 Nc4 22. g5 Qb2 23. Qd1 Qxc3 24. gxh6 gxh6 25. Kh1 Kh8 26. Ng5 hxg5 27. Qh5+ Kg8 28. Qxg5+ Kh8 29. Qh6+ Kg8 30. Qg5+ Kh8 31. Qh6+ Kg8 32. Qg5+ Kh8 1/2-1/2

[Event "*** Titled Tuesday Blitz"]
[Site "Chess.com"]
[Date "2018.01.02"]
[Round "5"]
[White "Superfelix"]
[Black "julinha97"]
[Result "1-0"]
[WhiteElo "2314"]
[BlackElo "2213"]
[TimeControl "180+2"]
[EndTime "14:04:32 PST"]
[Termination "Superfelix won by resignation"]

1. e4 c5 2. Nf3 d6 3. d4 cxd4 4.
Nxd4 Nf6 5. f3 e5 6. Bb5+ Bd7 7. Bxd7+ Qxd7 8. Nf5 d5 9. Bg5 dxe4 10. Bxf6 gxf6 11. fxe4 Bc5 12. c3 Rg8 13. Qxd7+ Nxd7 14. g3 Rg4 15. Nd2 O-O-O 16. O-O-O Bf8 17. h3 Rg8 18. Nc4 Nc5 19. Rxd8+ Kxd8 20. Rd1+ Kc7 21. Nd2 a5 22.
Kc2 Rg6 23. Re1 Bh6 24. Nb3 Nxb3 25. Kxb3 Bf8 26. Kc4 Kc6 27. a4 Bc5 28. Rd1 Rg8 29.
b4 axb4 30. cxb4 Bf2 31. Ne7+ 1-0

[Event "*** Titled Tuesday Blitz"]
[Site "Chess.com"]
[Date "2018.01.02"]
[Round "5"]
[White "jbj"]
[Black "Al_Shima"]
[Result "1-0"]
[WhiteElo "2296"]
[BlackElo "2212"]
[TimeControl "180+2"]
[EndTime "14:04:38 PST"]
[Termination "jbj won by resignation"]

1. e4 d5 2. exd5 Nf6 3. Nc3 Nxd5 4. Bc4 c6 5. Nge2 Bg4 6. f3 Bf5 7. Ng3 Bg6 8. O-O e6 9. d4 Be7 10. Bb3 O-O 11. Nce4 Nd7 12. c4 N5b6 13. Be3 Rc8 14. a4 a5 15. Qd2 Bb4 16. Qf2 Qe7 17. Bg5 f6 18. Bf4 c5 19. Bd6 Qf7 20. Bxf8 Qxf8 21. Kh1 Kh8 22. Rad1 cxd4 23. Qxd4 Nc5 24. Nxc5 Bxc5 25.
Qd2 e5 26. Qxa5 Rc6 27. Qd2 Rd6 28. Qe2 Bd4 29. Ne4 Rc6 30. c5 Nd7 31. Bd5 Qxc5 32. Nxc5 1-0

[Event "*** Titled Tuesday Blitz"]
[Site "Chess.com"]
[Date "2018.01.02"]
[Round "5"]
[White "viktorskliarov"]
[Black "Maitreia"]
[Result "1-0"]
[WhiteElo "2434"]
[BlackElo "2545"]
[TimeControl "180+2"]
[EndTime "14:04:47 PST"]
[Termination "viktorskliarov won by checkmate"]

1. e4 c5 2. Nf3 g6 3. d4 cxd4 4. Qxd4 Nf6 5. Bb5 a6 6. Qa4 Bg7 7. Nc3 O-O 8. e5 Ne8 9. h4 Nc7 10. Bd3 b5 11. Qe4 Nc6 12. h5 b4 13. Ne2 d5 14.
Qh4 g5 15. Bxg5 h6 16. Bd2 Ne6 17. Qg3 Kh8 18. Rh4 Rg8 19. Rg4 Nc5 20. Rxg7 Rxg7 21. Qf4 Nxd3+ 22. cxd3 Rh7 23. Rc1 Bd7 24. e6 fxe6 25.
Rxc6 Bxc6 26. Ne5 Be8 27. Qf8# 1-0

[Event "*** Titled Tuesday Blitz"]
[Site "Chess.com"]
[Date "2018.01.02"]
[Round "5"]
[White "grzechu96"]
[Black "RobertoJBM"]
[Result "0-1"]
[WhiteElo "2451"]
[BlackElo "2565"]
[TimeControl "180+2"]
[EndTime "14:04:51 PST"]
[Termination "RobertoJBM won by resignation"]

1. e4 c6 2. d4 d5 3. e5 Bf5 4. h4 Qb6 5. c4 e6 6. Nc3 h6 7.
Nge2 dxc4 8. Ng3 Bd3 9. Bxd3 cxd3 10.
Qxd3 Qa6 11. Qf3 Nd7 12. Nge2 Ne7 13. O-O Nd5 14. Ne4 Be7 15. Qg4 g6 16. g3 O-O-O 17. Qf3 Rdf8 18. N2c3 Kb8 19. a3 Ka8 20. Bd2 f5 21.
exf6 N7xf6 22. Nxf6 Bxf6 23. Qe4 Nxc3 24. Bxc3 Qc4 25. Rae1 g5 26. hxg5 hxg5 27. Qxe6 Qd3 28. Qe4 Qb5 29. Kg2 c5 30. d5 Bxc3 31. bxc3 Qb3 32.
c4 Qxa3 33. d6 Qa4 34. Qd5 Qd7 35. Re7 Qh3+ 0-1

[Event "*** Titled Tuesday Blitz"]
[Site "Chess.com"]
[Date "2018.01.02"]
[Round "5"]
[White "arna"]
[Black "angieflynn"]
[Result "1-0"]
[WhiteElo "2099"]
[BlackElo "1843"]
[TimeControl "180+2"]
[EndTime "14:05:03 PST"]
[Termination "arna won by checkmate"]

1. e4 e6 2. d4 d5 3. Nc3 Nf6 4. e5 Nfd7 5. f4 c5 6. Nf3 Nc6 7. Be3 Be7 8. Qd2 a6 9. Be2 Qc7 10. O-O f5 11. exf6 Bxf6 12. dxc5 O-O 13. Na4 Kh8 14.
Ng5 Nd8 15. Qd3 Qc6 16. Qxh7# 1-0

[Event "*** Titled Tuesday Blitz"]
[Site "Chess.com"]
[Date "2018.01.02"]
[Round "5"]
[White "OparinGrigoriy"]
[Black "DrVelja"]
[Result "1/2-1/2"]
[WhiteElo "2722"]
[BlackElo "2561"]
[TimeControl "180+2"]
[EndTime "14:05:06 PST"]
[Termination "Game drawn by repetition"]

1. e4 c5 2. Nf3 Nc6 3. d4 cxd4 4. Nxd4 Nf6 5. Nc3 d6 6. Bg5 e6 7. Qd2 a6 8. O-O-O h6 9. Be3 Bd7 10. f3 b5 11. Nxc6 Bxc6 12. Ne2 Qc7 13. Nd4 Bd7 14.
Kb1 e5 15. Ne2 Be6 16. Nc3 d5 17. Nxd5 Nxd5 18. exd5 Rd8 19. dxe6 Rxd2 20. exf7+ Kxf7 21. Bxd2 Bc5 22. Bd3 Rd8 23. Rhe1 Bd4 24. Re4 Rd5 25. Rde1 Qd6 26. h4 Bf2 27. R1e2 Rxd3 28. cxd3 Qxd3+ 29. Kc1 Bd4 30. f4 Qc4+ 31. Kb1 Qd3+ 32. Kc1 Qc4+ 33.
Kb1 Qd3+ 34. Kc1 1/2-1/2

[Event "*** Titled Tuesday Blitz"]
[Site "Chess.com"]
[Date "2018.01.02"]
[Round "5"]
[White "chessdjw"]
[Black "Jbd735"]
[Result "1-0"]
[WhiteElo "2510"]
[BlackElo "2280"]
[TimeControl "180+2"]
[EndTime "14:05:08 PST"]
[Termination "chessdjw won by resignation"]

1. Nf3 d5 2. g3 Nf6 3. Bg2 c6 4.
O-O Bf5 5. c4 e6 6. cxd5 exd5 7.
d3 Be7 8. Nc3 O-O 9. Nd4 Bg6 10.
e4 Nbd7 11. exd5 cxd5 12. Bg5 Nc5 13. Re1 Nxd3 14. Re3 Nc5 15. Bxf6 Bxf6 16. Nxd5 Rb8 17. Rc1 Bxd4 18. Qxd4 b6 19. b4 Ne6 20. Qe5 Rc8 21.
Rxc8 1-0

[Event "*** Titled Tuesday Blitz"]
[Site "Chess.com"]
[Date "2018.01.02"]
[Round "5"]
[White "chito89"]
[Black "IamSchrodingersCat"]
[Result "1-0"]
[WhiteElo "2591"]
[BlackElo "2380"]
[TimeControl "180+2"]
[EndTime "14:05:14 PST"]
[Termination "chito89 won by resignation"]

1. e4 c5 2. Nf3 d6 3. Bb5+ Nc6 4. O-O Bd7 5. c3 Nf6 6. Re1 a6 7. Ba4 b5 8. Bc2 Bg4 9. h3 Bxf3 10. Qxf3 g6 11. a4 Bg7 12. axb5 axb5 13. Rxa8 Qxa8 14. e5 dxe5 15. Rxe5 Nd7 16. Re1 O-O 17. Na3 b4 18. Nc4 Nde5 19. Nxe5 Nxe5 20. Qe3 bxc3 21. bxc3 c4 22.
Qc5 Nd3 23. Bxd3 cxd3 24. Qxe7 Qa6 25. Ba3 Ra8 26. Bb4 h5 27. Qd7 Bh6 28. Re8+ Rxe8 29. Qxe8+ Kg7 30. Qf8+ Kf6 31. Qxh6 1-0

[Event "*** Titled Tuesday Blitz"]
[Site "Chess.com"]
[Date "2018.01.02"]
[Round "5"]
[White "sandager"]
[Black "CookiesAndIceCream"]
[Result "0-1"]
[WhiteElo "1964"]
[BlackElo "2063"]
[TimeControl "180+2"]
[EndTime "14:05:18 PST"]
[Termination "CookiesAndIceCream won by resignation"]

1. e4 e5 2. Nf3 Nc6 3. Bb5 g6 4.
O-O Bg7 5. c3 Nge7 6. d4 exd4 7.
cxd4 a6 8. Ba4 b5 9. Bb3 Na5 10. Bc2 d6 11. Nc3 O-O 12. h3 Bb7 13. Re1 Qd7 14. Bg5 h6 15. Be3 Nc4 16. Bc1 Rae8 17. b3 Nb6 18. Bb2 f5 19. e5 Ned5 20. Ne2 Nb4 21.
Nf4 Nxc2 22. Qxc2 Bxf3 23. gxf3 g5 24. Nh5 Nd5 25. b4 Qf7 26. Nxg7 Kxg7 27. Rac1 Re7 28. Qc6 Nf4 29. Kh2 Qh5 30. Qxc7 Qxh3+ 0-1

[Event "*** Titled Tuesday Blitz"]
[Site "Chess.com"]
[Date "2018.01.02"]
[Round "5"]
[White "FrankieJay"]
[Black "JordiQC"]
[Result "0-1"]
[WhiteElo "2270"]
[BlackElo "1867"]
[TimeControl "180+2"]
[EndTime "14:05:24 PST"]
[Termination "JordiQC won on time"]

1. c4 c6 2. Nf3 d5 3. e3 Nf6 4. Nc3 Bf5 5. Qb3 Qb6 6. Nd4 Bg6 7. cxd5 Qxb3 8. axb3 cxd5 9. Ndb5 Kd8 10. Nxa7 Na6 11. Nc6+ bxc6 12. Rxa6 Rxa6 13. Bxa6 e5 14. d3 Bb4 15. Bd2 Kc7 16. O-O Ra8 17. Ra1 Bxc3 18. Bxc3 Kb6 0-1

[Event "*** Titled Tuesday Blitz"]
[Site "Chess.com"]
[Date "2018.01.02"]
[Round "5"]
[White "djogrodek1"]
[Black "Kirill_Klukin"]
[Result "1/2-1/2"]
[WhiteElo "2452"]
[BlackElo "2467"]
[TimeControl "180+2"]
[EndTime "14:05:30 PST"]
[Termination "Game drawn by agreement"]

1. e4 c5 2. Nf3 Nc6 3. Bb5 d6 4. O-O Bd7 5. Re1 Nf6 6. c3 a6 7.
Bf1 Bg4 8. d4 cxd4 9. cxd4 d5 10.
exd5 Nxd5 11. Nc3 e6 12. h3 Bh5 13. g4 Bg6 14. Qb3 Be7 15. Nxd5 Qxd5 16. Qxd5 exd5 17. Bf4 Be4 18. Bg2 O-O 19. Ne5 Nxd4 20. Bxe4 dxe4 21. Rxe4 Ne6 22. Be3 Rfd8 23. Rc1 Bf6 24. b3 Bxe5 25. Rxe5 Rac8 26. Re1 Rc2 27. f4 h6 28. f5 Ng5 29.
Bxg5 hxg5 30. Re8+ Rxe8 31. Rxe8+ Kh7 32. Re7 f6 33.
Rxb7 Rxa2 34. b4 Rb2 35. Rb6 Kh6 36. Rxa6 Rxb4 37. Ra8 Kh7 38. Kg2 Rb2+ 39. Kg3 Rb3+ 40. Kg2 1/2-1/2

[Event "*** Titled Tuesday Blitz"]
[Site "Chess.com"]
[Date "2018.01.02"]
[Round "5"]
[White "abruptum"]
[Black "Bryakin_Mikhail"]
[Result "0-1"]
[WhiteElo "2302"]
[BlackElo "2526"]
[TimeControl "180+2"]
[EndTime "14:05:30 PST"]
[Termination "Bryakin_Mikhail won by resignation"]

1. d4 d5 2. c4 c6 3. Nc3 dxc4 4.
e4 b5 5. a4 b4 6. Nce2 Ba6 7.
Ng3 Nd7 8. Nf3 e5 9. Be2 exd4 10. Nxd4 Qc7 11. O-O Bc5 12. Be3 Rd8 13. Qc1 Ne5 14. Ndf5 Bxe3 15. fxe3 g6 16. Ng7+ Ke7 17. b3 Nf6 18.
bxc4 Rhg8 19. Qb2 Rxg7 20. Qxb4+ c5 21. Qc3 Ne8 22. Rab1 f6 23. a5 Kf8 24. Bd1 Re7 25. Ba4 Kg7 26. Bb5 Bb7 27. Bxe8 Rexe8 28. Ne2 Bxe4 29.
Rb5 Bd3 0-1

[Event "*** Titled Tuesday Blitz"]
[Site "Chess.com"]
[Date "2018.01.02"]
[Round "5"]
[White "geeeeri"]
[Black "Elshan1985"]
[Result "1-0"]
[WhiteElo "2411"]
[BlackElo "2642"]
[TimeControl "180+2"]
[EndTime "14:05:31 PST"]
[Termination "geeeeri won by resignation"]

1. e4 c5 2. Nf3 Nc6 3. d4 cxd4 4. Nxd4 Qb6 5. Nb3 Nf6 6. Bd3 e6 7. O-O a6 8. c4 Qc7 9. Nc3 Be7 10.
Qd2 Ne5 11. Qe2 d6 12. f4 Nxd3 13. Qxd3 Bd7 14. Be3 Rc8 15. Nd2 O-O 16. Rac1 Qb8 17. h3 b5 18. b3 Bc6 19. Bd4 Rfd8 20. Rfe1 Qb7 21. Qg3 g6 22. Qe3 Nh5 23. Nd5 Bh4 24.
g3 Bxg3 25. Nf6+ Nxf6 26. Bxf6 Bxe1 27. Rxe1 bxc4 28. f5 Kf8 29. Qh6+ Ke8 30. Qxh7 Bb5 31. bxc4 Qb6+ 32. Kg2 Ba4 33. fxe6 1-0

[Event "*** Titled Tuesday Blitz"]
[Site "Chess.com"]
[Date "2018.01.02"]
[Round "5"]
[White "Babbelbox"]
[Black "Dr-Bassem"]
[Result "0-1"]
[WhiteElo "2439"]
[BlackElo "2643"]
[TimeControl "180+2"]
[EndTime "14:05:34 PST"]
[Termination "Dr-Bassem won by resignation"]

1. d4 Nf6 2. c4 g6 3. Nc3 Bg7 4. e4 d6 5. h3 O-O 6. Be3 e5 7. d5 a5 8. g4 Na6 9. Be2 Nc5 10. Qc2 c6 11. O-O-O cxd5 12. cxd5 Bd7 13. f3 a4 14. Kb1 Qa5 15. Rc1 Rfc8 16. Bd2 b5 17. Nxb5 Qb6 18. Nc3 Nb3 19. Rd1 Nd4 20. Qd3 a3 21. Bc1 Bh6 22. Rd2 Bxd2 23. Qxd2 axb2 24. Bxb2 Ba4 25. h4 Bc2+ 26.
Kc1 Rab8 27. Ba1 Qb1+ 0-1

[Event "*** Titled Tuesday Blitz"]
[Site "Chess.com"]
[Date "2018.01.02"]
[Round "5"]
[White "JammyDodger91"]
[Black "Andrejs_Sokolov"]
[Result "0-1"]
[WhiteElo "2382"]
[BlackElo "2611"]
[TimeControl "180+2"]
[EndTime "14:05:34 PST"]
[Termination "Andrejs_Sokolov won by resignation"]

1. e4 g6 2. d4 Bg7 3. Nc3 c6 4. f4 d5 5. e5 f6 6. Nf3 Bg4 7.
Be2 Nh6 8. Be3 Nf5 9. Bf2 O-O 10.
O-O Bxf3 11. Bxf3 fxe5 12. fxe5 e6 13. Ne2 c5 14. c3 Nc6 15. Bg4 Qb6 16. dxc5 Qc7 17.
Nd4 Rae8 18. Nxf5 gxf5 19. Bh5 Rc8 20. Re1 Bxe5 21. Kh1 Qg7 22. Qe2 Kh8 23. Bg1 Rf6 24. Bf3 Rg8 25. c4 Rh6 26. cxd5 Bxh2 27. Bxh2 Qg3 28. Bh5 Rxh5 0-1

[Event "*** Titled Tuesday Blitz"]
[Site "Chess.com"]
[Date "2018.01.02"]
[Round "5"]
[White "GM_dmitrij"]
[Black "johnathan113"]
[Result "1-0"]
[WhiteElo "2613"]
[BlackElo "2408"]
[TimeControl "180+2"]
[EndTime "14:05:39 PST"]
[Termination "GM_dmitrij won on time"]

1. e4 g6 2. d4 Nf6 3. e5 Nh5 4. Nc3 d6 5. Be2 dxe5 6. dxe5 Qxd1+ 7. Bxd1 Nc6 8. Bxh5 gxh5 9. Bf4 Rg8 10. Nd5 Kd8 11.
O-O-O Bg4 12. f3 Bd7 13. e6 fxe6 14. Nxc7 e5 15. Ne6+ Kc8 16. Nxf8 Rxf8 17. Be3 Rg8 18. g3 Bf5 19. Ne2 Kc7 20. Nc3 e6 21. Nb5+ Kb8 22. Rd7 Rc8 23. Bc5 Rg8 24. Rhd1 e4 25. Bd6+ 1-0

[Event "*** Titled Tuesday Blitz"]
[Site "Chess.com"]
[Date "2018.01.02"]
[Round "5"]
[White "jcibarra"]
[Black "eldur16"]
[Result "1-0"]
[WhiteElo "2726"]
[BlackElo "2504"]
[TimeControl "180+2"]
[EndTime "14:05:47 PST"]
[Termination "jcibarra won by resignation"]

1. e4 g6 2. d4 Bg7 3. Nf3 d6 4. Bc4 Nf6 5. Qe2 O-O 6. e5 dxe5 7. dxe5 Nd5 8. h3 Nb6 9. Bb3 a5 10. a3 Nc6 11. O-O Nd4 12. Nxd4 Qxd4 13. Re1 Be6 14. Bxe6 fxe6 15. Nd2 a4 16. Nf3 Qc4 17. Ng5 Ra6 18. f4 h6 19. Ne4 Qxe2 20. Rxe2 Nd5 21. g3 Rc6 22. h4 b5 23. c3 Rd8 24. Be3 Nxe3 25.
Rxe3 Rc4 26. Kf2 Kf7 27. Ke2 Rc6 28. Rd1 Rd5 29. Red3 Rxd3 30. Rxd3 Ke8 31. Rd4 Rb6 32. Kf3 Bh8 33. Kg4 h5+ 34. Kg5 Kf7 35. Kh6 Bg7+ 36.
Kh7 Bf8 37. Rd8 1-0

[Event "*** Titled Tuesday Blitz"]
[Site "Chess.com"]
[Date "2018.01.02"]
[Round "5"]
[White "aa175"]
[Black "inegrepus"]
[Result "0-1"]
[WhiteElo "1900"]
[BlackElo "2130"]
[TimeControl "180+2"]
[EndTime "14:06:20 PST"]
[Termination "inegrepus won on time"]

1. e4 c5 2. Nf3 Nc6 3. d4 cxd4 4. Nxd4 e5 5. Nb5 d6 6. N1c3 a6 7. Na3 Be7 8. Be3 Nf6 9. Nc4 Ng4 10. Bb6 Qd7 11.
Nd5 O-O 12. f3 Nf6 13. Nxe7+ Qxe7 14. Qxd6 Be6 15. Qxe7 Nxe7 16. Bc5 Rfe8 17. Nxe5 Rac8 18. Bxe7 Rxe7 19. Bd3 Bxa2 20. Rxa2 Rxe5 21. Kf2 Nd7 22. Rd1 Nc5 23. Bc4 Kf8 24. Rd5 Re7 25. Rd4 Ne6 26.
Bxe6 Rxc2+ 27. Kg1 Rxe6 28. Rd8+ Ke7 29. Rh8 Rd6 30. Ra1 Rdd2 31. Rxh7 Rxg2+ 32. Kh1 Rxb2 33. Rh8 Rgf2 34. Rh3 a5 35. Kg1 Rfc2 36. Rh7 a4 37.
Rxg7 a3 38. Rg2 Rxg2+ 39. Kh1 Rxh2+ 40. Kg1 Rhc2 41. Kf1 a2 42. Ke1 Rb1+ 0-1

[Event "*** Titled Tuesday Blitz"]
[Site "Chess.com"]
[Date "2018.01.02"]
[Round "5"]
[White "Robert_Chessmood"]
[Black "Alexander_Moskalenko"]
[Result "0-1"]
[WhiteElo "2728"]
[BlackElo "2762"]
[TimeControl "180+2"]
[EndTime "14:06:25 PST"]
[Termination "Alexander_Moskalenko won by resignation"]

1. e4 e5 2. Nf3 Nc6 3. Nc3 Nf6 4. d4 exd4 5. Nxd4 Bb4 6. Nxc6 bxc6 7. Bd3 d5 8. exd5 cxd5 9. O-O O-O 10. h3 c6 11. Qf3 Bd6 12. Bf4 Re8 13. Rfe1 Be6 14.
Ne2 Bxf4 15. Nxf4 Qb6 16. Nxe6 Rxe6 17. Rxe6 fxe6 18. Re1 Re8 19. Qf4 Qxb2 20. Qd6 e5 21.
Qxc6 Qb4 22. c3 Qb6 23. Qxb6 axb6 24. g4 e4 25. Bc2 h6 26. Bb3 Rc8 27. Re3 Kf7 28.
f3 Ke7 29. fxe4 dxe4 30. Kf2 Kd6 31. Rg3 g5 32. Ke2 Ke5 33. Kd2 Rd8+ 34. Ke2 Nd5 35. Bxd5 Rxd5 36. Rg2 Rd3 37. Rf2 Rxc3 38. Rf8 Rxh3 39.
Rb8 Kf4 40. a4 Rh2+ 41. Kf1 Kxg4 42. Rxb6 h5 43. a5 Ra2 44. Ra6 h4 45. Ra8 Kg3 46.
a6 h3 47. a7 Ra1+ 48. Ke2 h2 49. Rg8 g4 50. a8=Q Rxa8 51. Rxa8 h1=Q 52. Ke3 Qf3+ 53. Kd4 0-1

[Event "*** Titled Tuesday Blitz"]
[Site "Chess.com"]
[Date "2018.01.02"]
[Round "5"]
[White "RoelandPruijssers"]
[Black "SergeiAza"]
[Result "1-0"]
[WhiteElo "2513"]
[BlackElo "2655"]
[TimeControl "180+2"]
[EndTime "14:06:25 PST"]
[Termination "RoelandPruijssers won by resignation"]

1. e4 c5 2. Nf3 Nc6 3. Nc3 e5 4. Bc4 d6 5. O-O Be7 6. d3 Be6 7. Re1 Nf6 8. Nd5 O-O 9. c3 Nd7 10. Rb1 h6 11. b4 cxb4 12. cxb4 Bg4 13. h3 Bxf3 14. Qxf3 Bg5 15. Be3 Nf6 16. Nxf6+ Bxf6 17. Bd5 Qe7 18. b5 Nd8 19. a4 Ne6 20. a5 Bg5 21. a6 Bxe3 22. fxe3 Rab8 23. axb7 Nc5 24. b6 a5 25. d4 Nxb7 26. Rec1 Rfc8 27. Qf5 Rxc1+ 28.
Rxc1 Nd8 29. Rc7 Qe8 30. b7 a4 31. Rc8 g6 32. Qxg6+ Kf8 33. Qxh6+ Ke7 1-0

[Event "*** Titled Tuesday Blitz"]
[Site "Chess.com"]
[Date "2018.01.02"]
[Round "5"]
[White "hypert"]
[Black "Keaton87"]
[Result "1-0"]
[WhiteElo "2320"]
[BlackElo "2508"]
[TimeControl "180+2"]
[EndTime "14:06:25 PST"]
[Termination "hypert won by resignation"]

1. d4 Nf6 2. c4 g6 3. Nc3 Bg7 4. e4 O-O 5. h3 c6 6. Nf3 d5 7. cxd5 cxd5 8. e5 Ne4 9. Bd3 Bf5 10. O-O Nc6 11. Be3 Rc8 12. Rc1 Qb6 13. Nxd5 Qxb2 14. Rxc6 Rxc6 15. Nxe7+ Kh8 16. Nxc6 bxc6 17. Qc2 Qxc2 18. Bxc2 Nc3 19. Bxf5 gxf5 20. Bd2 Nd5 21. Rc1 Rc8 22. Nh4 f4 23. Nf5 Bf8 24. g4 h5 25. Kg2 Kh7 26. Kf3 hxg4+ 27. hxg4 Kg6 28. Bxf4 Rb8 29. Rxc6+ Kh7 30. Ke4 Nb4 31. Rc7 Kg6 32.
Nh4+ Kg7 33. Nf5+ Kg6 34. Bd2 Nxa2 35. Rxa7 Rb2 36. Be3 Nc3+ 37. Kd3 Nd5 38. Ra6+ Kh7 39. Ra7 Kg6 40. Ra6+ Kh7 41. Nd6 Nb4+ 42. Kc3 Rb1 43. Ra7 Nd5+ 44. Kd3 Kg6 45. Nxf7 Rb3+ 46. Kc4 1-0

[Event "*** Titled Tuesday Blitz"]
[Site "Chess.com"]
[Date "2018.01.02"]
[Round "5"]
[White "TregubovP"]
[Black "windking123"]
[Result "1-0"]
[WhiteElo "2527"]
[BlackElo "2417"]
[TimeControl "180+2"]
[EndTime "14:06:28 PST"]
[Termination "TregubovP won by checkmate"]

1. d4 d5 2. c4 e6 3. Nc3 Nf6 4. cxd5 exd5 5. Bg5 Be7 6. e3 O-O 7. Bd3 h6 8. Bf4 Be6 9. Nf3 c6 10. O-O Qb6 11. Rb1 Nbd7 12. b4 a5 13. b5 cxb5 14. Nxb5 Qd8 15. Bc7 Qc8 16. Rc1 Ra6 17. Bxa5 Rxa5 18. Rxc8 Rxc8 19. Qd2 Rca8 20. a3 Ne4 21.
Qc2 Ndf6 22. Nd2 Rc8 23. Qb2 Bd7 24. Nxe4 Nxe4 25. f3 Bxb5 26. Bxb5 Bxa3 27. Qb1 Nc3 28. Qf5 Rd8 29. Bd3 g6 30. Qf6 Rd6 31. Qe5 b5 32.
h4 h5 33. Ra1 Re6 34. Qc7 Ra8 35. Qxc3 b4 36. Qb3 Rxe3 37. Qxd5 Rae8 38. Bxg6 R3e7 39. Bxh5 Kf8 40. Kh2 Re2 41. Qxf7# 1-0

[Event "*** Titled Tuesday Blitz"]
[Site "Chess.com"]
[Date "2018.01.02"]
[Round "5"]
[White "Tonychess32"]
[Black "Grebeniuk-S"]
[Result "1-0"]
[WhiteElo "2417"]
[BlackElo "2397"]
[TimeControl "180+2"]
[EndTime "14:06:28 PST"]
[Termination "Tonychess32 won by resignation"]

1. e4 c5 2. Nf3 d6 3. c3 Nf6 4. Be2 g6 5. O-O Bg7 6. d3 O-O 7. Qc2 Nc6 8. Re1 b5 9. a4 b4 10. Nbd2 Rb8 11. Nc4 Be6 12. Bg5 h6 13. Bh4 g5 14.
Bg3 Nh5 15. Rad1 Nxg3 16. hxg3 bxc3 17. bxc3 Bxc4 18. dxc4 Qa5 19. e5 Nxe5 20. Nxe5 Bxe5 21. Bg4 e6 22. Bxe6 Qxc3 23. Qg6+ Bg7 24. Bd5 Qf6 25. Qd3 Rfe8 26. Rxe8+ Rxe8 27. Rb1 Qc3 28. Qf5 Re1+ 29. Kh2 Re7 30. Rb8+ Bf8 31. Qg6+ Qg7 32. Qxd6 h5 33. Qxe7 h4 34. gxh4 gxh4 35. Qxf7+ Qxf7 36. Bxf7+ Kxf7 37. Rb7+ Ke6 38. Rxa7 Ke5 39. Rd7 1-0